[Event "Titled Tuesday Blitz July 11 Early 2023"]
[White "Tregubov, Pavel V."]
[Black "Tokman, Ariel"]
[WhiteFideId "4115341"]
[BlackFideId "117420"]
[WhiteElo "2674"]
[BlackElo "2536"]
[Result "1-0"]
[Round "7"]
[TimeControl "180+2"]
[Date "2023.07.11"]
[WhiteClock "0:00:37"]
[BlackClock "0:00:00"]
[Board "61"]

1. e4 d6 2. d4 Nf6 3. Nc3 Nbd7 4. Nf3 e5 5. Bc4 Be7 6. O-O O-O 7. a4 a6 8. Re1 b6 9. Ba2 Bb7 10. Qd3 c6 11. Nh4 g6 12. Nf3 b5 13. Bh6 b4 14. Bxf8 Bxf8 15. Ne2 exd4 16. Nexd4 c5 17. Nb3 Qe7 18. Nbd2 Ne5 19. Nxe5 Qxe5 20. Nf3 Qf4 21. e5 Ng4 22. h3 Bxf3 23. hxg4 Bxg4 24. Re4 Qg5 25. exd6 1-0


[Site "https://www.chess.com"]

[Event "Titled Tuesday Blitz July 11 Early 2023"]
[White "Kvaloy, Aksel Bu"]
[Black "Yurovskykh, Oleksandr"]
[WhiteFideId "1528815"]
[BlackFideId "14134020"]
[WhiteElo "2670"]
[BlackElo "2533"]
[Result "0-1"]
[Round "7"]
[TimeControl "180+2"]
[Date "2023.07.11"]
[WhiteClock "0:00:25"]
[BlackClock "0:00:28"]
[Board "62"]

1. e4 e6 2. d4 d5 3. Nc3 dxe4 4. Nxe4 Bd7 5. Nf3 Bc6 6. Ng3 Nd7 7. Bd3 Ngf6 8. O-O g6 9. b3 Bg7 10. Ba3 Bf8 11. Bxf8 Kxf8 12. c4 Kg7 13. Qe2 Bxf3 14. Qxf3 c6 15. Ne4 Nxe4 16. Qxe4 Nf6 17. Qe5 Qb8 18. Qe3 Rd8 19. Rad1 Qc7 20. Be2 Rd6 21. Qe5 Rad8 22. g4 R6d7 23. Qe3 h6 24. h4 Qa5 25. g5 hxg5 26. hxg5 Ng8 27. Qe5+ Qxe5 28. dxe5 Ne7 29. Rxd7 Rxd7 30. Rd1 Rxd1+ 31. Bxd1 Nf5 32. f4 Ne3 33. Bf3 a5 34. Kf2 Nc2 35. Be4 Nb4 36. a3 Na6 37. Ke3 Kf8 38. Kd4 Ke7 39. Kc3 Kd8 40. b4 axb4+ 41. axb4 Kc7 42. c5 b5 43. cxb6+ Kxb6 44. f5 exf5 45. Bxf5 gxf5 46. e6 fxe6 47. g6 Nc7 48. g7 Nd5+ 49. Kd4 Ne7 50. Ke5 Ng8 51. Kxe6 f4 52. Kf7 f3 53. Kxg8 f2 54. Kh8 f1=Q 55. g8=Q Qh3+ 56. Kg7 Qg3+ 57. Kf7 Qxg8+ 58. Kxg8 Kb5 59. Kf7 Kxb4 60. Ke6 c5 61. Kd5 c4 62. Kd4 c3 63. Kd3 Kb3 0-1


[Site "https://www.chess.com"]

[Event "Titled Tuesday Blitz July 11 Early 2023"]
[White "Fantinel, Thibault"]
[Black "Korelskiy, Egor"]
[WhiteFideId "663395"]
[BlackFideId "34329064"]
[WhiteElo "2659"]
[BlackElo "2530"]
[Result "1/2-1/2"]
[Round "7"]
[TimeControl "180+2"]
[Date "2023.07.11"]
[WhiteClock "0:00:07"]
[BlackClock "0:00:31"]
[Board "63"]

1. d4 d5 2. Nf3 e6 3. Bf4 Nf6 4. Nbd2 c5 5. e3 Nc6 6. c3 Bd6 7. Bg3 Qe7 8. Bb5 O-O 9. O-O Bd7 10. Bxc6 Bxc6 11. Ne5 Nd7 12. Nxc6 bxc6 13. Qa4 Bxg3 14. hxg3 Qd6 15. Nf3 Rfb8 16. Qa3 Qf8 17. Rac1 c4 18. Qxf8+ Kxf8 19. Rc2 Rb5 20. Nd2 Rab8 21. b3 Nb6 22. Rfc1 a5 23. g4 Ke7 24. g3 Kd6 25. Kg2 h6 26. f4 c5 27. Kf3 cxb3 28. axb3 a4 29. bxa4 Nxa4 30. c4 Rb2 31. cxd5 Rxc2 32. Rxc2 exd5 33. dxc5+ Nxc5 34. Ra2 Rb7 35. e4 f6 36. Ra5 Rb2 37. e5+ fxe5 38. fxe5+ Kxe5 39. Rxc5 Rxd2 40. Rc7 g5 41. Rc6 Rh2 42. Rc8 Kd4 43. Rc7 Rh1 44. Rc6 Kd3 45. Kg2 Re1 46. Kf2 Re5 47. Rxh6 d4 48. Rf6 Kd2 49. Rf5 Re2+ 50. Kf3 d3 51. Rxg5 Ke1 52. Rd5 d2 53. g5 d1=Q 54. Rxd1+ Kxd1 55. Kf4 Rf2+ 56. Ke5 Ke2 57. g6 Rf3 58. g4 Rg3 59. Kf4 Rf3+ 60. Ke5 Rg3 61. Kf4 Rf3+ 62. Ke5 1/2-1/2


[Site "https://www.chess.com"]

[Event "Titled Tuesday Blitz July 11 Early 2023"]
[White "Oleksiyenko, Mykhaylo"]
[Black "Hajiyev, Kanan"]
[WhiteFideId "4152417"]
[BlackFideId "13404148"]
[WhiteElo "2652"]
[BlackElo "2530"]
[Result "0-1"]
[Round "7"]
[TimeControl "180+2"]
[Date "2023.07.11"]
[WhiteClock "0:00:38"]
[BlackClock "0:01:11"]
[Board "64"]

1. e4 c6 2. Nf3 d5 3. Nc3 a6 4. d4 Bg4 5. h3 Bh5 6. exd5 cxd5 7. g4 Bg6 8. Ne5 Nc6 9. Nxg6 hxg6 10. Be3 e6 11. Qd2 Bb4 12. a3 Ba5 13. Bg2 Nf6 14. Qd3 Rc8 15. O-O Qd6 16. Rfd1 Bc7 17. Ne2 Qh2+ 18. Kf1 Rxh3 19. Bxh3 Qxh3+ 20. Ke1 Ne4 21. Ng1 Qxg4 22. Qf1 f5 23. c3 Kf7 24. f3 Qh4+ 25. Bf2 Nxf2 0-1


[Site "https://www.chess.com"]

[Event "Titled Tuesday Blitz July 11 Early 2023"]
[White "Dronavalli, Harika"]
[Black "Goltseva, Ekaterina"]
[WhiteFideId "5015197"]
[BlackFideId "24173770"]
[WhiteElo "2648"]
[BlackElo "2530"]
[Result "0-1"]
[Round "7"]
[TimeControl "180+2"]
[Date "2023.07.11"]
[WhiteClock "0:00:13"]
[BlackClock "0:00:36"]
[Board "65"]

1. Nf3 Nf6 2. g3 e6 3. Bg2 d5 4. c4 d4 5. d3 c5 6. e4 Nfd7 7. Bf4 Nc6 8. h4 e5 9. Bd2 Be7 10. Na3 Nf6 11. Nc2 Bg4 12. Bh3 Bxh3 13. Rxh3 Qd7 14. Rh1 h6 15. Kf1 a6 16. Kg2 b5 17. Na3 Rb8 18. b3 O-O 19. h5 Nh7 20. Nh4 Bxh4 21. Rxh4 f5 22. exf5 Qxf5 23. Qe2 Nf6 24. Rf1 b4 25. Nc2 Rbe8 26. Re1 Qd7 27. f3 Ne7 28. Reh1 Nf5 29. R4h3 e4 30. fxe4 Nxe4 31. dxe4 d3 32. Qd1 dxc2 33. Qxc2 Nd4 34. Qd1 Rxe4 35. Re1 Qc6 36. Rxe4 Qxe4+ 37. Kg1 Nf3+ 38. Kf2 Nxd2+ 39. Kg1 Nf3+ 40. Kf2 Ng5+ 0-1


[Site "https://www.chess.com"]

[Event "Titled Tuesday Blitz July 11 Early 2023"]
[White "Shvedova, Alexandra"]
[Black "Koshulyan, Egor A."]
[WhiteFideId "54154782"]
[BlackFideId "24237000"]
[WhiteElo "2523"]
[BlackElo "2644"]
[Result "1-0"]
[Round "7"]
[TimeControl "180+2"]
[Date "2023.07.11"]
[WhiteClock "0:01:48"]
[BlackClock "0:00:22"]
[Board "66"]

1. e4 c5 2. Ne2 Nc6 3. d4 cxd4 4. Nxd4 Nf6 5. Nc3 e5 6. Ndb5 d6 7. Bg5 a6 8. Na3 Be6 9. Nc4 Rb8 10. g3 Nd4 11. Ne3 Be7 12. Bxf6 Bxf6 13. Bg2 O-O 14. O-O Nc6 15. Ncd5 Bg5 16. c3 Kh8 17. h4 Bh6 18. a4 Ne7 19. a5 Nxd5 20. Nxd5 f5 21. Qd3 f4 22. Rfd1 Qd7 23. Nb6 Qf7 24. Qxd6 fxg3 25. fxg3 Qf2+ 26. Kh2 Bg4 27. Rf1 Qxf1 28. Rxf1 Rfd8 1-0


[Site "https://www.chess.com"]

[Event "Titled Tuesday Blitz July 11 Early 2023"]
[White "Djokic, Mihailo"]
[Black "Shishkov, Andrei"]
[WhiteFideId "976440"]
[BlackFideId "4500563"]
[WhiteElo "2628"]
[BlackElo "2523"]
[Result "0-1"]
[Round "7"]
[TimeControl "180+2"]
[Date "2023.07.11"]
[WhiteClock "0:00:51"]
[BlackClock "0:00:23"]
[Board "67"]

1. e4 d5 2. exd5 Nf6 3. d4 Nxd5 4. c4 Nb6 5. Nf3 Bg4 6. Be2 Nc6 7. d5 Bxf3 8. Bxf3 Ne5 9. b3 e6 10. dxe6 Qxd1+ 11. Bxd1 Nd3+ 12. Kd2 O-O-O 13. Kc2 Nxf2 14. Rf1 Nxd1 15. exf7 Bc5 16. Rxd1 Rxd1 17. Kxd1 Bd4 18. Ba3 Nd7 19. Nc3 Bxc3 20. Rc1 Bd4 21. Kc2 c5 22. Rf1 Rf8 23. b4 b6 24. bxc5 bxc5 25. Rf5 Kd8 26. h4 Ke7 27. Rf4 Bf6 28. Rf5 Bxh4 29. Bxc5+ Nxc5 30. Rxc5 Rxf7 31. Kd3 Bf2 32. Re5+ Kd6 33. Rg5 g6 34. a4 Rf5 35. Rg4 Bc5 36. Rh4 h5 37. Rh3 Rg5 38. g3 Rg4 39. Kc3 a5 40. Kd3 Bb4 41. Rh1 Rxg3+ 42. Ke4 Rg4+ 43. Kd3 Kc5 44. Rf1 Rg3+ 45. Ke4 Kxc4 46. Rf6 Kb3 0-1


[Site "https://www.chess.com"]

[Event "Titled Tuesday Blitz July 11 Early 2023"]
[White "brm72"]
[Black "HamedWafa4"]
[WhiteElo "2522"]
[BlackElo "2619"]
[Result "1-0"]
[Round "7"]
[TimeControl "180+2"]
[Date "2023.07.11"]
[WhiteClock "0:00:27"]
[BlackClock "0:00:03"]
[Board "68"]

1. e4 e5 2. Nf3 Nc6 3. d4 exd4 4. Nxd4 Bc5 5. Nb3 Bb6 6. Qe2 Nge7 7. Nc3 O-O 8. Be3 f5 9. O-O-O f4 10. Bxb6 axb6 11. Kb1 Ne5 12. f3 N7c6 13. Qd2 d6 14. Nd5 Ng6 15. h4 h5 16. Bc4 Kh8 17. Nd4 Nxd4 18. Qxd4 Ne5 19. Bb3 Be6 20. Nxc7 Qxc7 21. Bxe6 Rfd8 22. Qd2 Qe7 23. Bd5 Qf6 24. Bxb7 Ra4 25. Bd5 b5 26. Qc3 Ra7 27. Qb3 Rc7 28. Qxb5 Rcc8 29. b3 Rb8 30. Qa4 Rdc8 31. Qd4 Qg6 32. Rd2 Qe8 33. Kb2 Qb5 34. a4 Qa5 35. Be6 Rc6 36. Ra1 Rb4 37. Qd5 Qa6 38. Ka3 Qb7 39. Bf5 Qb6 40. a5 Qb7 41. Qxe5 Rb5 42. Qe8# 1-0


[Site "https://www.chess.com"]

[Event "Titled Tuesday Blitz July 11 Early 2023"]
[White "Souleidis, Georgios"]
[Black "only_strong_moves"]
[WhiteFideId "4206827"]
[WhiteElo "2611"]
[BlackElo "2520"]
[Result "1/2-1/2"]
[Round "7"]
[TimeControl "180+2"]
[Date "2023.07.11"]
[WhiteClock "0:00:31"]
[BlackClock "0:00:38"]
[Board "69"]

1. e4 c5 2. Nf3 Nf6 3. Nc3 d5 4. exd5 Nxd5 5. Bb5+ Bd7 6. Qe2 Nxc3 7. dxc3 Bxb5 8. Qxb5+ Qd7 9. Qxc5 e6 10. Qd4 Qxd4 11. cxd4 Nc6 12. c3 O-O-O 13. O-O f6 14. Re1 Re8 15. d5 Nd8 16. dxe6 Nxe6 17. Nd4 Nc7 18. Bf4 Rxe1+ 19. Rxe1 Nd5 20. Bd2 Bd6 21. c4 Nc7 22. Nf5 Rd8 23. Nxd6+ Rxd6 24. Bc3 Ne6 25. g3 Kd7 26. Kg2 Nc5 27. Bb4 Nd3 28. Bxd6 Nxe1+ 29. Kf1 Nf3 30. Bf8 g6 31. Ke2 Nxh2 32. f3 g5 33. Bc5 g4 34. fxg4 b6 35. Bd4 Nxg4 36. Kf3 h5 37. Kf4 Ke6 38. b4 Nh6 39. c5 bxc5 40. Bxc5 a6 41. a4 Nf7 42. b5 axb5 43. axb5 Ne5 44. Ke4 f5+ 45. Kd4 Nf3+ 46. Ke3 Ne5 47. Bd4 Ng6 48. b6 Kd6 49. Kf3 Kc6 50. Bf2 Kb7 51. Bd4 h4 52. gxh4 Nxh4+ 53. Kf4 Ng6+ 54. Kxf5 Ne7+ 55. Ke6 Nc8 56. Kd7 Nxb6+ 1/2-1/2


[Site "https://www.chess.com"]

[Event "Titled Tuesday Blitz July 11 Early 2023"]
[White "Borgaonkar Akshay"]
[Black "Santos Flores, Alberto"]
[WhiteFideId "25639110"]
[BlackFideId "3601234"]
[WhiteElo "2608"]
[BlackElo "2510"]
[Result "1/2-1/2"]
[Round "7"]
[TimeControl "180+2"]
[Date "2023.07.11"]
[WhiteClock "0:00:03"]
[BlackClock "0:00:28"]
[Board "70"]

1. Nf3 d5 2. b3 Bf5 3. Ba3 Nd7 4. e3 a5 5. d4 a4 6. Nbd2 Ngf6 7. Ne5 e6 8. Bxf8 Kxf8 9. Nxd7+ Qxd7 10. c4 c6 11. Be2 Ne4 12. Nxe4 Bxe4 13. f3 Bg6 14. O-O h6 15. Bd3 Bxd3 16. Qxd3 g6 17. e4 Kg7 18. e5 axb3 19. axb3 Rxa1 20. Rxa1 dxc4 21. bxc4 Rd8 22. Rd1 b5 23. cxb5 cxb5 24. Qc3 Rc8 25. Qb2 Rc4 26. d5 Qa7+ 27. Kh1 Qa4 28. Ra1 Rc2 29. Qb1 Qc4 30. dxe6 fxe6 31. Qg1 g5 32. h3 b4 33. f4 gxf4 34. Qa7+ Kg6 35. Qe7 Rc1+ 36. Rxc1 Qxc1+ 37. Kh2 Qc4 38. Qf6+ Kh7 39. Qf7+ Kh8 40. Qf8+ Kh7 41. Qf7+ Kh8 42. h4 b3 43. Qf8+ Kh7 44. Qf7+ Kh8 45. Qf8+ Kh7 46. Qf7+ Kh8 1/2-1/2


[Site "https://www.chess.com"]

[Event "Titled Tuesday Blitz July 11 Early 2023"]
[White "Shukhman, Anna"]
[Black "Mihailidis, Anastasios"]
[WhiteFideId "54180058"]
[BlackFideId "4205588"]
[WhiteElo "2601"]
[BlackElo "2483"]
[Result "0-1"]
[Round "7"]
[TimeControl "180+2"]
[Date "2023.07.11"]
[WhiteClock "0:01:26"]
[BlackClock "0:00:45"]
[Board "71"]

1. e4 c5 2. Nf3 d6 3. d4 cxd4 4. Nxd4 Nf6 5. Nc3 g6 6. Be3 Bg7 7. f3 O-O 8. Qd2 Nc6 9. g4 h5 10. g5 Ne8 11. O-O-O Nc7 12. f4 d5 13. Nxc6 bxc6 14. f5 gxf5 15. exf5 Bxf5 16. Bd3 Bg6 17. Ne2 Rb8 18. c3 e5 19. Kb1 a5 20. Ng3 Ne6 21. Ka1 a4 22. a3 e4 23. Be2 d4 24. cxd4 c5 25. d5 Rxb2 26. Qxb2 Bxb2+ 27. Kxb2 Qb8+ 28. Kc2 Nd4+ 29. Bxd4 cxd4 30. Rxd4 Rc8+ 31. Kd2 Qb2+ 32. Ke3 Qc3+ 33. Bd3 exd3 34. Rxa4 d2+ 35. Ke2 Re8+ 0-1


[Site "https://www.chess.com"]

[Event "Titled Tuesday Blitz July 11 Early 2023"]
[White "Ocelak, Jakub"]
[Black "Parpiev, Isaak"]
[WhiteFideId "23707933"]
[BlackFideId "34281576"]
[WhiteElo "2478"]
[BlackElo "2593"]
[Result "1/2-1/2"]
[Round "7"]
[TimeControl "180+2"]
[Date "2023.07.11"]
[WhiteClock "0:00:02"]
[BlackClock "0:00:02"]
[Board "72"]

1. d4 b6 2. e4 Bb7 3. Bd3 c5 4. d5 g6 5. h4 h5 6. c4 Bg7 7. Nc3 d6 8. f3 Na6 9. Nh3 Nc7 10. Ng5 a6 11. a4 Bc8 12. Be3 Nf6 13. Qd2 Bd7 14. Kf2 Qb8 15. Qe2 Qb7 16. Ra3 a5 17. Nb5 Nxb5 18. axb5 Nh7 19. Nxh7 Rxh7 20. f4 Bg4 21. Qd2 O-O-O 22. Be2 Bxe2 23. Qxe2 Rd7 24. b3 Kd8 25. Qf3 Ke8 26. Ra2 Rd8 27. g4 hxg4 28. Qxg4 Qd7 29. Qxd7+ Kxd7 30. Kg3 Rdh8 31. Rah2 Rh5 32. Kg4 e6 33. dxe6+ Kxe6 34. Bf2 f5+ 35. exf5+ gxf5+ 36. Kf3 d5 37. Re1+ Kd6 38. Rg1 Bf6 39. Rg6 R8h6 40. Rxh6 Rxh6 41. cxd5 Kxd5 42. h5 Bd4 43. Bg3 c4 44. bxc4+ Kxc4 45. Be1 Kxb5 46. Ke2 Bc5 47. Kd3 Kc6 48. Bc3 a4 49. Bg7 Rh7 50. h6 b5 51. Re2 Bd6 52. Re6 Kd5 53. Re8 Bxf4 54. Rd8+ Kc6 55. Rf8 Kd7 56. Rxf5 Bxh6 57. Bd4 Kc6 58. Rf6+ Kd5 59. Rf5+ Kc6 60. Rf6+ Kc7 61. Rf5 Kb7 62. Rxb5+ Kc6 63. Ra5 a3 64. Rxa3 Bg7 65. Ra6+ Kb5 66. Ra7 Rh3+ 67. Ke4 Bxd4 68. Kxd4 Rh4+ 69. Kd5 Rh5+ 70. Kd4 Rh4+ 1/2-1/2


[Site "https://www.chess.com"]

[Event "Titled Tuesday Blitz July 11 Early 2023"]
[White "JonSnowNW1"]
[Black "Borrmann, Laurenz"]
[BlackFideId "312187930"]
[WhiteElo "2443"]
[BlackElo "2588"]
[Result "1-0"]
[Round "7"]
[TimeControl "180+2"]
[Date "2023.07.11"]
[WhiteClock "0:00:10"]
[BlackClock "0:00:24"]
[Board "73"]

1. c4 e5 2. Nc3 Nf6 3. g3 Bb4 4. e4 Bxc3 5. dxc3 d6 6. f3 a5 7. Nh3 O-O 8. Nf2 a4 9. Be3 Be6 10. Be2 Nc6 11. O-O Qd7 12. Qc2 Kh8 13. Rfd1 Ng8 14. c5 f5 15. cxd6 cxd6 16. Bc5 Qf7 17. Bxd6 Nge7 18. Nd3 Bxa2 19. Qc1 Bb3 20. Rf1 Qe6 21. Bc5 Rf7 22. Be3 Rg8 23. Nc5 Qd6 24. Nxb3 axb3 25. Rd1 Qg6 26. Qb1 f4 27. Bf2 Qh5 28. Rd6 g5 29. Qd1 Ng6 30. Bc4 Rfg7 31. Bxg8 Rxg8 32. Rxc6 bxc6 33. g4 Qh3 34. Qd6 Kg7 35. Ra7+ Kh6 36. Qc7 Nf8 37. Bc5 Qxf3 38. Bxf8+ Kg6 39. Qxh7+ Kf6 40. Qf7# 1-0


[Site "https://www.chess.com"]

[Event "Titled Tuesday Blitz July 11 Early 2023"]
[White "Manukyan, Artyom"]
[Black "Avazkhonov, Alikhon"]
[WhiteFideId "13305786"]
[BlackFideId "14208504"]
[WhiteElo "2583"]
[BlackElo "2453"]
[Result "0-1"]
[Round "7"]
[TimeControl "180+2"]
[Date "2023.07.11"]
[WhiteClock "0:00:10"]
[BlackClock "0:00:04"]
[Board "74"]

1. e4 c5 2. Nc3 d6 3. f4 Nf6 4. Nf3 g6 5. Bc4 Bg7 6. O-O O-O 7. d3 a6 8. Qe1 b5 9. Bb3 Nc6 10. Qh4 Na5 11. f5 c4 12. dxc4 bxc4 13. Ba4 d5 14. fxg6 hxg6 15. Bh6 Qb6+ 16. Kh1 Qxb2 17. Ng5 Qxc3 18. Bxg7 Kxg7 19. e5 Nh5 20. g4 Qd4 21. e6 f6 22. Nf3 Qf4 23. gxh5 Qxh4 24. Nxh4 Bxe6 25. Nxg6 Rf7 26. Rg1 Kh6 27. Nf4 Bf5 28. Rae1 Be4+ 29. Rxe4 dxe4 30. Rg6+ Kh7 31. Bd7 e5 32. Nd5 Rg8 33. Bf5 Kh8 34. Bxe4 Rxg6 35. hxg6 Rf8 36. Bf5 Kg7 37. h4 Nc6 38. c3 Rh8 39. Kg2 Rxh4 40. Kf3 Rh5 41. Ke4 Rh4+ 42. Kf3 Rh5 43. Ke4 Rg5 44. Ne3 Ne7 45. Be6 Nxg6 46. Bxc4 Kf8 47. Bxa6 Ne7 48. Bd3 Rg3 49. a4 f5+ 50. Nxf5 Nxf5 51. a5 Nd6+ 52. Kxe5 Rxd3 53. a6 Rxc3 54. Kxd6 Ra3 55. Kc6 Rxa6+ 56. Kb7 Rh6 57. Kc8 0-1


[Site "https://www.chess.com"]

[Event "Titled Tuesday Blitz July 11 Early 2023"]
[White "Palczert, Matyas"]
[Black "KorolDimitriy75"]
[WhiteFideId "784958"]
[WhiteElo "2580"]
[BlackElo "2441"]
[Result "0-1"]
[Round "7"]
[TimeControl "180+2"]
[Date "2023.07.11"]
[WhiteClock "0:00:20"]
[BlackClock "0:00:08"]
[Board "75"]

1. e4 c5 2. Nf3 d6 3. d4 cxd4 4. Nxd4 Nf6 5. Nc3 g6 6. Be3 Bg7 7. f3 O-O 8. Qd2 Nc6 9. O-O-O d5 10. Nxc6 bxc6 11. Bc4 e6 12. Bb3 Qc7 13. Qf2 Rd8 14. h4 Bb7 15. h5 Nxh5 16. g4 Nf6 17. Qh4 e5 18. Bg5 Rd6 19. exd5 cxd5 20. Nb5 Qb6 21. Nxd6 Qxd6 22. Bh6 Bh8 23. Bg5 Bg7 24. Kb1 a5 25. a4 Ra6 26. Bxf6 Bxf6 27. Qxh7+ Kf8 28. Qh6+ Bg7 29. Qd2 d4 30. Rh7 Bxf3 31. Rf1 e4 32. Qe1 Qe5 33. Qh4 Rd6 34. g5 d3 35. cxd3 Qxb2# 0-1


[Site "https://www.chess.com"]

[Event "Titled Tuesday Blitz July 11 Early 2023"]
[White "NovoselovRoman"]
[Black "Yurasova, Daria"]
[BlackFideId "34146919"]
[WhiteElo "2574"]
[BlackElo "2440"]
[Result "1-0"]
[Round "7"]
[TimeControl "180+2"]
[Date "2023.07.11"]
[WhiteClock "0:01:41"]
[BlackClock "0:00:28"]
[Board "76"]

1. e4 e5 2. Nf3 Nc6 3. Bc4 Bc5 4. d3 Nf6 5. Bg5 d6 6. h3 h6 7. Bh4 g5 8. Bg3 Be6 9. Nbd2 Qe7 10. c3 O-O-O 11. b4 Bb6 12. a4 a5 13. Bxe6+ fxe6 14. Nc4 d5 15. exd5 exd5 16. Nxb6+ cxb6 17. O-O axb4 18. cxb4 Qxb4 19. Nxe5 Rhe8 20. Rc1 Rxe5 21. Bxe5 Nd7 22. d4 Qe7 23. Re1 Qf7 24. Qd3 h5 25. Rxc6+ bxc6 26. Qa6# 1-0


[Site "https://www.chess.com"]

[Event "Titled Tuesday Blitz July 11 Early 2023"]
[White "Tanmay Jain"]
[Black "Karttunen, Mika"]
[WhiteFideId "45015481"]
[BlackFideId "502081"]
[WhiteElo "2434"]
[BlackElo "2568"]
[Result "1/2-1/2"]
[Round "7"]
[TimeControl "180+2"]
[Date "2023.07.11"]
[WhiteClock "0:00:05"]
[BlackClock "0:00:04"]
[Board "77"]

1. Nf3 Nf6 2. d4 e6 3. g3 d5 4. Bg2 b5 5. O-O Be7 6. c3 O-O 7. Re1 Bb7 8. a4 b4 9. b3 c5 10. Be3 cxd4 11. Nxd4 Nc6 12. Qd2 bxc3 13. Nxc3 Bb4 14. Nxc6 Bxc6 15. Bd4 Nd7 16. f4 Qa5 17. Rec1 Rfc8 18. Qd3 Nc5 19. Qc2 Bb7 20. Na2 Ne4 21. Qd3 Ba6 22. Qd1 Bd2 23. Rc2 Rxc2 24. Qxc2 Rc8 25. Qd1 h5 26. Rb1 Bb4 27. Nxb4 Qxb4 28. Bxe4 dxe4 29. e3 Bd3 30. Rc1 Rxc1 31. Qxc1 Qxb3 32. Qc8+ Kh7 33. Qc1 Qxa4 34. Qe1 a5 35. h3 Qa2 36. g4 a4 37. gxh5 a3 38. h6 gxh6 39. h4 Qb1 40. Qxb1 Bxb1 41. Kf2 Kg6 42. Kg3 Kf5 43. h5 Bc2 44. Bc3 Bd1 45. Bd4 Bxh5 46. Kh4 Kg6 47. Bc3 Bd1 48. Bd4 Bc2 49. Bc3 Bd1 50. Bd4 f5 51. Bc3 Kf7 52. Bd4 Ke7 53. Kg3 Kd6 54. Bg7 h5 55. Bf8+ Kd5 56. Bxa3 Kc4 57. Bb2 Kd3 58. Bd4 Bg4 59. Kh4 Ke2 60. Bc5 e5 61. fxe5 f4 62. exf4 Kf3 63. f5 Bxf5 64. Kxh5 Kf4 65. e6 Bxe6 66. Kh4 Kf3 67. Ba7 e3 68. Bxe3 1/2-1/2


[Site "https://www.chess.com"]

[Event "Titled Tuesday Blitz July 11 Early 2023"]
[White "Wang2007"]
[Black "robertoalejandro10"]
[WhiteElo "2330"]
[BlackElo "2560"]
[Result "0-1"]
[Round "7"]
[TimeControl "180+2"]
[Date "2023.07.11"]
[WhiteClock "0:00:03"]
[BlackClock "0:00:06"]
[Board "78"]

1. d4 Nf6 2. c4 c5 3. d5 d6 4. Nc3 g6 5. e4 Bg7 6. Bd3 O-O 7. h3 Na6 8. Nf3 Nc7 9. O-O a6 10. a4 Rb8 11. Bf4 Bd7 12. Bh2 b5 13. axb5 axb5 14. e5 Nfe8 15. b3 Rb6 16. Re1 e6 17. Ne4 exd5 18. Nxd6 Nxd6 19. exd6 Ne6 20. cxd5 Nd4 21. Ra7 Nf5 22. Ne5 Rxd6 23. Nc6 Bxc6 24. Bxd6 Qxd6 25. Bxf5 gxf5 26. dxc6 Qxc6 27. Qd7 Qg6 28. Rc7 Bd4 29. Re8 Rxe8 30. Qxe8+ Kg7 31. Qxb5 Qg3 32. Qb7 Qxf2+ 33. Kh2 Be5+ 34. Kh1 Qf1# 0-1


[Site "https://www.chess.com"]

[Event "Titled Tuesday Blitz July 11 Early 2023"]
[White "Shubenkova, Veronika"]
[Black "Ishowmoves57"]
[WhiteFideId "44124040"]
[WhiteElo "2547"]
[BlackElo "2162"]
[Result "1-0"]
[Round "7"]
[TimeControl "180+2"]
[Date "2023.07.11"]
[WhiteClock "0:00:27"]
[BlackClock "0:00:10"]
[Board "79"]

1. e4 c5 2. Nc3 Nc6 3. g3 g6 4. Bg2 Bg7 5. d3 d6 6. f4 e5 7. Nf3 Nd4 8. Be3 Bg4 9. O-O Nf6 10. Ne2 Nxf3+ 11. Bxf3 Bxf3 12. Rxf3 Ng4 13. Rb1 Nxe3 14. Rxe3 O-O 15. Qd2 d5 16. Kh1 dxe4 17. Rxe4 exf4 18. Nxf4 Re8 19. Rbe1 Qd7 20. b3 Rxe4 21. Rxe4 Re8 22. Qe2 Rxe4 23. Qxe4 Bd4 24. Nd5 Qh3 25. Qe2 Qh6 26. Kg2 Qc1 27. a4 Qg1+ 28. Kh3 Kg7 29. c3 Bf6 30. Qf3 Bg5 31. Qe2 Bf6 32. Qf3 Bg5 33. Nc7 Qe1 34. Qxb7 Qf1+ 35. Qg2 Qf5+ 36. g4 Qxd3+ 37. Qg3 Qd7 38. Qe5+ Bf6 39. Ne8+ Kf8 40. Nxf6 Qd3+ 41. Kh4 g5+ 42. Kxg5 Qg6+ 43. Kh4 h6 44. Nd7+ Kg8 45. Qe8+ Kh7 46. Nf8+ Kg7 47. Nxg6 fxg6 1-0


[Site "https://www.chess.com"]

[Event "Titled Tuesday Blitz July 11 Early 2023"]
[White "Atakhan, Abtin"]
[Black "lagarto93"]
[WhiteFideId "22502203"]
[WhiteElo "2729"]
[BlackElo "2492"]
[Result "0-1"]
[Round "7"]
[TimeControl "180+2"]
[Date "2023.07.11"]
[WhiteClock "0:00:17"]
[BlackClock "0:01:12"]
[Board "80"]

1. Nf3 Nf6 2. g3 b6 3. Bg2 Bb7 4. c4 e6 5. b3 Be7 6. Bb2 O-O 7. O-O c5 8. d4 d6 9. Nc3 cxd4 10. Qxd4 a6 11. Rfd1 Qc7 12. Rac1 Nbd7 13. Ba3 Nc5 14. b4 Nce4 15. Bb2 Nxc3 16. Bxc3 Rac8 17. Bb2 Rfd8 18. Qe3 Nd7 19. Bh3 Bf6 20. Nd4 Ne5 21. Nxe6 fxe6 22. Bxe6+ Kh8 23. Bxc8 Rxc8 24. Qf4 Ng6 25. Qd2 Bxb2 26. Qxb2 Ne5 27. Rd4 Qc6 28. f3 Nxf3+ 29. exf3 Qxf3 30. Qd2 Qh1+ 31. Kf2 Qf3+ 32. Kg1 Re8 33. Rd5 Re2 0-1


[Site "https://www.chess.com"]

[Event "Titled Tuesday Blitz July 11 Early 2023"]
[White "Novikov, Evgenij"]
[Black "Gunina, Valentina"]
[WhiteFideId "4125380"]
[BlackFideId "4167570"]
[WhiteElo "2490"]
[BlackElo "2710"]
[Result "0-1"]
[Round "7"]
[TimeControl "180+2"]
[Date "2023.07.11"]
[WhiteClock "0:00:00"]
[BlackClock "0:00:08"]
[Board "81"]

1. d4 d5 2. c4 c6 3. Nf3 Nf6 4. cxd5 cxd5 5. Nc3 Nc6 6. Bf4 a6 7. e3 Bg4 8. Be2 e6 9. O-O Bd6 10. Bxd6 Qxd6 11. Ne1 Bxe2 12. Qxe2 O-O 13. Nd3 Rac8 14. Rac1 Rc7 15. Na4 Nd7 16. Ndc5 Nxc5 17. Nxc5 Rfc8 18. Qd2 g6 19. g3 h5 20. h4 e5 21. Nb3 Qe6 22. Kg2 Re7 23. dxe5 Qxe5 24. Rc3 Rce8 25. Rd1 Qe4+ 26. f3 Qb4 27. Qxd5 Rxe3 28. Rxe3 Rxe3 29. Qd2 Qb6 30. Re1 Rxe1 31. Qxe1 Qd8 32. Qd2 Qe7 33. Kf2 Ne5 34. Qe3 Qc7 35. Kg2 Qc2+ 36. Qd2 Qd3 37. Qxd3 Nxd3 38. Na5 b5 39. b3 Kf8 40. g4 Ke7 41. gxh5 gxh5 42. a3 Kd6 43. Kg3 f6 44. b4 Kd5 45. f4 Ke4 46. Nc6 Nxf4 47. Nb8 f5 48. Nxa6 Ke3 49. Nc7 Ne2+ 50. Kg2 Nd4 51. Nd5+ Ke4 52. Nf6+ Kf4 53. Nxh5+ Kg4 54. Nf6+ Kxh4 55. Kf2 Nc2 56. Nd5 Nxa3 57. Kf3 Kg5 58. Nc3 Kf6 59. Kf4 Ke6 60. Ke3 Ke5 61. Kf3 f4 62. Ne2 Nc2 63. Nxf4 Nxb4 64. Ne2 Nd5 65. Nc1 Kd4 66. Ke2 Kc3 67. Kd1 Ne3+ 68. Ke2 Nc2 69. Nd3 Nd4+ 70. Ke3 Nf5+ 71. Ke4 Nd6+ 72. Ke3 Nc4+ 73. Ke2 Na3 74. Nc1 Kc2 75. Nd3 Nb1 76. Nc5 Nc3+ 77. Ke3 Na4 78. Nd3 Kc3 79. Ne5 b4 80. Nd3 b3 0-1


[Site "https://www.chess.com"]

[Event "Titled Tuesday Blitz July 11 Early 2023"]
[White "Bettalli, Francesco"]
[Black "Begmuratov, Alisher"]
[WhiteFideId "2816453"]
[BlackFideId "14203367"]
[WhiteElo "2490"]
[BlackElo "2659"]
[Result "0-1"]
[Round "7"]
[TimeControl "180+2"]
[Date "2023.07.11"]
[WhiteClock "0:02:22"]
[BlackClock "0:02:09"]
[Board "82"]

1. d4 Nf6 2. Nc3 d5 3. Bf4 c6 4. e3 Bf5 5. f3 h5 6. Bd3 Bxd3 7. Qxd3 e6 8. Nge2 Bd6 9. O-O-O Bxf4 10. Nxf4 Qd6 11. h4 Nbd7 12. Kb1 O-O-O 13. g3 e5 14. dxe5 Nxe5 15. Qf5+ Kb8 16. e4 g6 17. Nxg6 fxg6 18. Qf4 Nc4 19. Qg5 Qb4 20. Qc1 dxe4 21. fxe4 Ng4 22. Rhe1 Rxd1 23. Rxd1 Nge3 24. Rd7 Na3+ 25. Ka1 Nexc2+ 0-1


[Site "https://www.chess.com"]